| TOP OF THE 1ST |
|
Canton Indians batting - Pitching for Hamilton Cardinals : LHP Dave Ashby
|
|
Pitching: LHP Dave Ashby
|
|
|
Batting: RHB Nick Rainey
|
0-0: Fly out, F8 (Flyball, 8RM, EV 97.5 MPH)
|
|
Batting: RHB Oscar Hernandez
|
0-0: Ball 1-0: Ball 2-0: Ball 3-0: Called Strike 3-1: Swinging Strike 3-2: Strikes out looking
|
|
Batting: RHB Rob Marti
|
0-0: Foul Ball, location: 2F 0-1: Ball 1-1: Foul Ball, location: 2F 1-2: Ball 2-2: Foul Ball, location: 2F 2-2: SOLO HOME RUN (Line Drive, 78XD, EV 102.5 MPH), Distance : 425 ft
|
|
Batting: RHB David Haas
|
0-0: Swinging Strike 0-1: Swinging Strike 0-2: Ball 1-2: Ball 2-2: Foul Ball, location: 2F 2-2: Ball 3-2: Strikes out swinging
|
| Top of the 1st over - 1 run, 1 hit, 0 errors, 0 left on base; Canton 1 - Hamilton 0 |
| BOTTOM OF THE 1ST |
|
Hamilton Cardinals batting - Pitching for Canton Indians : LHP Mario Roman
|
|
Pitching: LHP Mario Roman
|
|
|
Batting: RHB Kevin Kelly
|
0-0: Fly out, F4 (Flyball, 34D, EV 91.9 MPH)
|
|
Batting: RHB Kevin McGaughey
|
0-0: Ball 1-0: Foul Ball, location: 2F 1-1: Ball 2-1: Ball 3-1: Foul Ball, location: 2F 3-2: Fly out, F7 (Flyball, 7S, EV 89.4 MPH)
|
|
Batting: SHB Jae-hong Kym
|
0-0: Called Strike 0-1: Swinging Strike 0-2: Strikes out swinging
|
| Bottom of the 1st over - 0 runs, 0 hits, 0 errors, 0 left on base; Canton 1 - Hamilton 0 |
| TOP OF THE 2ND |
|
Canton Indians batting - Pitching for Hamilton Cardinals : LHP Dave Ashby
|
|
Batting: LHB Jason Kessler
|
0-0: Called Strike 0-1: Ball 1-1: Called Strike 1-2: Strikes out looking
|
|
Batting: RHB Ryan Paquette
|
0-0: Fly out, F8 (Flyball, 8LM, EV 88.8 MPH)
|
|
Batting: RHB Giuliano Giacoletti Jr.
|
0-0: Ball 1-0: Foul Ball, location: 2F 1-1: Called Strike 1-2: Strikes out looking
|
| Top of the 2nd over - 0 runs, 0 hits, 0 errors, 0 left on base; Canton 1 - Hamilton 0 |
| BOTTOM OF THE 2ND |
|
Hamilton Cardinals batting - Pitching for Canton Indians : LHP Mario Roman
|
|
Batting: RHB Jason Hunt
|
0-0: Ball 1-0: Swinging Strike 1-1: Ball 2-1: Foul Ball, location: 2F 2-2: Strikes out swinging
|
|
Batting: LHB Josh Levin
|
0-0: Ball 1-0: Swinging Strike 1-1: Foul Ball, location: 2F 1-2: Foul Ball, location: 2F 1-2: Ground out 6-3 (Groundball, 6, EV 90.0 MPH)
|
|
Batting: RHB Matt Shaw
|
0-0: Ball 1-0: Swinging Strike 1-1: Ball 2-1: Swinging Strike 2-2: Ground out 2-3 (Groundball, 13S, EV 65.0 MPH)
|
| Bottom of the 2nd over - 0 runs, 0 hits, 0 errors, 0 left on base; Canton 1 - Hamilton 0 |
| TOP OF THE 3RD |
|
Canton Indians batting - Pitching for Hamilton Cardinals : LHP Dave Ashby
|
|
Batting: RHB Jesus Sanchez
|
0-0: Called Strike 0-1: Ball 1-1: Ball 2-1: Ball 3-1: SOLO HOME RUN (Flyball, 7D, EV 95.0 MPH), Distance : 350 ft
|
|
Batting: SHB Jose Abreu
|
0-0: Ball 1-0: Ball 2-0: Foul Ball, location: 2F 2-1: Called Strike 2-2: Strikes out swinging
|
|
Batting: RHB Nick Rainey
|
0-0: Ball 1-0: Ball 2-0: Foul Ball, location: 2F 2-1: Ball 3-1: Called Strike 3-2: Foul Ball, location: 2F 3-2: Strikes out looking
|
|
Batting: RHB Oscar Hernandez
|
0-0: Called Strike 0-1: Ball 1-1: Foul Ball, location: 2F 1-2: Ground out 4-3 (Groundball, 4, EV 104.4 MPH)
|
| Top of the 3rd over - 1 run, 1 hit, 0 errors, 0 left on base; Canton 2 - Hamilton 0 |
| BOTTOM OF THE 3RD |
|
Hamilton Cardinals batting - Pitching for Canton Indians : LHP Mario Roman
|
|
Batting: LHB Steven Higgs
|
0-0: Ball 1-0: Ball 2-0: Foul Ball, location: 2F 2-1: Foul Ball, location: 2F 2-2: Ball 3-2: Strikes out swinging
|
|
Batting: RHB Jeff Gale
|
0-0: Hit by Pitch
|
|
Batting: LHB John Stewart
|
0-0: Ball 1-0: Ball 2-0: Ball 3-0: Base on Balls Jeff Gale to second
|
|
Batting: RHB Kevin Kelly
|
0-0: Ball 1-0: Called Strike 1-1: Grounds into double play, 6-4-3 (Groundball, 6M, EV 91.2 MPH)
|
| Bottom of the 3rd over - 0 runs, 0 hits, 0 errors, 1 left on base; Canton 2 - Hamilton 0 |
| TOP OF THE 4TH |
|
Canton Indians batting - Pitching for Hamilton Cardinals : LHP Dave Ashby
|
|
Batting: RHB Rob Marti
|
0-0: Ball 1-0: Foul Ball, location: 2F 1-1: Ball 2-1: Ball 3-1: Base on Balls
|
|
Batting: RHB David Haas
|
0-0: Called Strike 0-1: Foul Ball, location: 2F 0-2: Fly out, F7 (Flyball, 7S, EV 78.1 MPH)
|
|
Batting: LHB Jason Kessler
|
0-0: Ball 1-0: Called Strike 1-1: Called Strike 1-2: SINGLE (Groundball, 34, EV 91.2 MPH) (infield hit) Rob Marti to second
|
|
Batting: RHB Ryan Paquette
|
0-0: Foul Ball, location: 2F 0-1: Fielders Choice at 2nd, 2-4 (Groundball, 15S, EV 75.6 MPH) Rob Marti to third
|
|
Batting: RHB Giuliano Giacoletti Jr.
|
0-0: Swinging Strike 0-1: Swinging Strike 0-2: Ball 1-2: Ball 2-2: Foul Ball, location: 2F 2-2: Ball 3-2: Fly out, F3 (Popup, 34S, EV 73.8 MPH)
|
| Top of the 4th over - 0 runs, 1 hit, 0 errors, 2 left on base; Canton 2 - Hamilton 0 |
| BOTTOM OF THE 4TH |
|
Hamilton Cardinals batting - Pitching for Canton Indians : LHP Mario Roman
|
|
Batting: RHB Kevin McGaughey
|
0-0: SOLO HOME RUN (Flyball, 8LXD, EV 112.5 MPH), Distance : 435 ft
|
|
Batting: SHB Jae-hong Kym
|
0-0: Ball 1-0: Called Strike 1-1: Fly out, F8 (Flyball, 8RD, EV 89.4 MPH)
|
|
Batting: RHB Jason Hunt
|
0-0: Called Strike 0-1: Called Strike 0-2: Ball 1-2: Strikes out looking
|
|
Batting: LHB Josh Levin
|
0-0: Foul Ball, location: 2F 0-1: Swinging Strike 0-2: Fly out, F8 (Line Drive, 8RM, EV 91.2 MPH)
|
| Bottom of the 4th over - 1 run, 1 hit, 0 errors, 0 left on base; Canton 2 - Hamilton 1 |
| TOP OF THE 5TH |
|
Canton Indians batting - Pitching for Hamilton Cardinals : LHP Dave Ashby
|
|
Batting: RHB Jesus Sanchez
|
0-0: Fly out, F8 (Line Drive, 78M, EV 94.4 MPH)
|
|
Batting: SHB Jose Abreu
|
0-0: Called Strike 0-1: Swinging Strike 0-2: Strikes out swinging
|
|
Batting: RHB Nick Rainey
|
0-0: Ball 1-0: Foul Ball, location: 2F 1-1: Ball 2-1: SINGLE (Groundball, 34D, EV 103.8 MPH)
|
|
Pitching: RHP Ricky Pichardo
|
|
|
Batting: RHB Oscar Hernandez
|
0-0: Ball 1-0: Called Strike 1-1: Ball 2-1: Foul Ball, location: 2F 2-2: Fielders Choice at 2nd, 6-4 (Groundball, 6, EV 83.8 MPH)
|
| Top of the 5th over - 0 runs, 1 hit, 0 errors, 1 left on base; Canton 2 - Hamilton 1 |
| BOTTOM OF THE 5TH |
|
Hamilton Cardinals batting - Pitching for Canton Indians : LHP Mario Roman
|
|
Batting: RHB Matt Shaw
|
0-0: Called Strike 0-1: Ball 1-1: Ball 2-1: Fly out, F8 (Flyball, 8LD, EV 86.9 MPH)
|
|
Batting: LHB Steven Higgs
|
0-0: Fly out, F9 (Flyball, 9D, EV 105.0 MPH)
|
|
Batting: RHB Jeff Gale
|
0-0: Ball 1-0: Ball 2-0: Ball 3-0: SINGLE (Groundball, 6MD, EV 103.1 MPH)
|
|
Batting: LHB John Stewart
|
0-0: Called Strike 0-1: Foul Ball, location: 2F 0-2: Fly out, F9 (Flyball, 9, EV 91.2 MPH)
|
| Bottom of the 5th over - 0 runs, 1 hit, 0 errors, 1 left on base; Canton 2 - Hamilton 1 |
| TOP OF THE 6TH |
|
Canton Indians batting - Pitching for Hamilton Cardinals : RHP Ricky Pichardo
|
|
Batting: RHB Rob Marti
|
0-0: Ball 1-0: Called Strike 1-1: SOLO HOME RUN (Flyball, 7D, EV 91.9 MPH), Distance : 354 ft
|
|
Batting: RHB David Haas
|
0-0: Called Strike 0-1: Ball 1-1: Fly out, F4 (Flyball, 4D, EV 85.0 MPH)
|
|
Batting: LHB Jason Kessler
|
0-0: Ball 1-0: Fly out, F8 (Flyball, 78M, EV 89.4 MPH)
|
|
Batting: RHB Ryan Paquette
|
0-0: Called Strike 0-1: Ball 1-1: Ground out 6-3 (Groundball, 6, EV 79.4 MPH)
|
| Top of the 6th over - 1 run, 1 hit, 0 errors, 0 left on base; Canton 3 - Hamilton 1 |
| BOTTOM OF THE 6TH |
|
Hamilton Cardinals batting - Pitching for Canton Indians : LHP Mario Roman
|
|
Batting: RHB Kevin Kelly
|
0-0: Called Strike 0-1: Ball 1-1: Bunted foul 1-2: DOUBLE (Line Drive, 9LS, EV 98.8 MPH) - OUT at third base trying to stretch hit.
|
|
Batting: RHB Kevin McGaughey
|
0-0: Swinging Strike 0-1: Ball 1-1: SINGLE (Line Drive, 4MD, EV 110.0 MPH)
|
|
Batting: SHB Jae-hong Kym
|
0-0: Ball 1-0: Called Strike 1-1: Ball 2-1: Ball 3-1: Foul Ball, location: 2F 3-2: Strikes out swinging
|
|
Batting: RHB Jason Hunt
|
0-0: Called Strike 0-1: Ball 1-1: Fly out, F7 (Flyball, 78M, EV 84.4 MPH)
|
| Bottom of the 6th over - 0 runs, 2 hits, 0 errors, 1 left on base; Canton 3 - Hamilton 1 |
| TOP OF THE 7TH |
|
Canton Indians batting - Pitching for Hamilton Cardinals : RHP Ricky Pichardo
|
|
Batting: RHB Giuliano Giacoletti Jr.
|
0-0: Called Strike 0-1: Ball 1-1: Swinging Strike 1-2: Strikes out swinging
|
|
Batting: RHB Jesus Sanchez
|
0-0: Fly out, F8 (Line Drive, 8RD, EV 87.5 MPH)
|
|
Batting: SHB Jose Abreu
|
0-0: Ball 1-0: Ball 2-0: Called Strike 2-1: Ball 3-1: Ground out 6-3 (Groundball, P, EV 89.4 MPH)
|
| Top of the 7th over - 0 runs, 0 hits, 0 errors, 0 left on base; Canton 3 - Hamilton 1 |
| BOTTOM OF THE 7TH |
|
Hamilton Cardinals batting - Pitching for Canton Indians : LHP Mario Roman
|
|
Batting: LHB Josh Levin
|
0-0: Swinging Strike 0-1: Ball 1-1: Ball 2-1: Swinging Strike 2-2: Fly out, F9 (Flyball, 89M, EV 91.9 MPH)
|
|
Pitching: RHP Chase Ashley
|
|
|
Batting: RHB Matt Shaw
|
0-0: Called Strike 0-1: Called Strike 0-2: Strikes out swinging
|
|
Batting: LHB Steven Higgs
|
0-0: Swinging Strike 0-1: Swinging Strike 0-2: Ball 1-2: Ball 2-2: Strikes out swinging
|
| Bottom of the 7th over - 0 runs, 0 hits, 0 errors, 0 left on base; Canton 3 - Hamilton 1 |
| TOP OF THE 8TH |
|
Canton Indians batting - Pitching for Hamilton Cardinals : RHP Ricky Pichardo
|
|
Batting: RHB Nick Rainey
|
0-0: Called Strike 0-1: Called Strike 0-2: Strikes out swinging
|
|
Batting: RHB Oscar Hernandez
|
0-0: Foul Ball, location: 2F 0-1: Ball 1-1: Foul Ball, location: 2F 1-2: Strikes out swinging
|
|
Batting: RHB Rob Marti
|
0-0: Called Strike 0-1: Called Strike 0-2: Foul Ball, location: 2F 0-2: Ball 1-2: DOUBLE (Line Drive, 9LM, EV 112.5 MPH)
|
|
Pinch Hitting: RHB Jose Lebron
|
0-0: Called Strike 0-1: Ball 1-1: SINGLE (Groundball, 6MD, EV 100.0 MPH) Rob Marti to third Runner from 3rd tries for Home, SAFE, throw by CF to home
|
|
Batting: LHB Jason Kessler
|
0-0: Foul Ball, location: 2F 0-1: Foul Ball, location: 2F 0-2: Fly out, F8 (Line Drive, 8RD, EV 95.0 MPH)
|
| Top of the 8th over - 1 run, 2 hits, 0 errors, 1 left on base; Canton 4 - Hamilton 1 |
| BOTTOM OF THE 8TH |
|
Hamilton Cardinals batting - Pitching for Canton Indians : RHP Chase Ashley
|
|
Now at 1B: Henri Chardon
|
|
|
Batting: LHB Jonathan Barker
|
0-0: Ball 1-0: Foul Ball, location: 2F 1-1: Fly out, F7 (Flyball, 7, EV 90.0 MPH)
|
|
Batting: LHB John Stewart
|
0-0: Ball 1-0: Called Strike 1-1: Swinging Strike 1-2: Strikes out swinging, 2-3 out at first.
|
|
Batting: RHB Kevin Kelly
|
0-0: Ball 1-0: Ball 2-0: Ball 3-0: Called Strike 3-1: Called Strike 3-2: Base on Balls
|
|
Batting: RHB Kevin McGaughey
|
0-0: Ball 1-0: Called Strike 1-1: Foul Ball, location: 2F 1-2: Strikes out swinging
|
| Bottom of the 8th over - 0 runs, 0 hits, 0 errors, 1 left on base; Canton 4 - Hamilton 1 |
| TOP OF THE 9TH |
|
Canton Indians batting - Pitching for Hamilton Cardinals : RHP Ricky Pichardo
|
|
Batting: RHB Ryan Paquette
|
0-0: Ball 1-0: Ball 2-0: Ball 3-0: Called Strike 3-1: SOLO HOME RUN (Flyball, 78XD, EV 107.5 MPH), Distance : 419 ft
|
|
Pitching: RHP Morgan Phang
|
|
|
Batting: RHB Giuliano Giacoletti Jr.
|
0-0: Ball 1-0: Called Strike 1-1: Foul Ball, location: 2F 1-2: Ball 2-2: Strikes out looking
|
|
Batting: RHB Jesus Sanchez
|
0-0: Called Strike 0-1: Fly out, F7 (Line Drive, 7, EV 101.2 MPH)
|
|
Batting: SHB Jose Abreu
|
0-0: Ball 1-0: Ball 2-0: Called Strike 2-1: Foul Ball, location: 2F 2-2: Ball 3-2: Strikes out looking
|
| Top of the 9th over - 1 run, 1 hit, 0 errors, 0 left on base; Canton 5 - Hamilton 1 |
| BOTTOM OF THE 9TH |
|
Hamilton Cardinals batting - Pitching for Canton Indians : RHP Chase Ashley
|
|
Batting: SHB Jae-hong Kym
|
0-0: Foul Ball, location: 2F 0-1: SINGLE (Groundball, 4MD, EV 96.2 MPH)
|
|
Batting: RHB Jason Hunt
|
0-0: Ball 1-0: Called Strike 1-1: Fly out, F8 (Flyball, 8LD, EV 100.0 MPH)
|
|
Batting: LHB Josh Levin
|
0-0: Called Strike 0-1: Fly out, F8 (Flyball, 89M, EV 90.6 MPH)
|
|
Batting: RHB Matt Shaw
|
0-0: Ball 1-0: Ball 2-0: Ball 3-0: Called Strike 3-1: Foul Ball, location: 2F 3-2: Foul Ball, location: 2F 3-2: Base on Balls Jae-hong Kym to second
|
|
Pitching: RHP Abdul-Wadud Mazin
|
|
|
Batting: LHB Steven Higgs
|
0-0: Ball 1-0: Foul Ball, location: 2F 1-1: SINGLE (Groundball, 34D, EV 101.9 MPH) Jae-hong Kym to third Matt Shaw to second
|
|
Batting: LHB Jonathan Barker
|
0-0: Fielders Choice at 2nd, 6-4 (Groundball, 6, EV 91.9 MPH)
|
| Bottom of the 9th over - 0 runs, 2 hits, 0 errors, 3 left on base; Canton 5 - Hamilton 1 |
|